[Event "ICCopen2016"]
[Site "Internet Chess Club"]
[Date "2016.06.04"]
[Round "2"]
[White "Barbos"]
[Black "nevidimka"]
[Result "1/2-1/2"]
[ICCResult "White ran out of time and Black has no material to mate"]
[WhiteElo "2566"]
[BlackElo "2011"]
[Opening "Budapest: Fajarowicz variation"]
[ECO "A51"]
[NIC "QG.01"]
[Time "14:12:06"]
[TimeControl "180+0"]

1. d4 Nf6 2. c4 e5 3. dxe5 Ne4 4. a3 d6 5. Nf3 Nc6 6. e3 Nxe5 7. Nxe5 dxe5
8. Qxd8+ Kxd8 9. Bd3 Nc5 10. Bc2 a5 11. b3 c6 12. Bb2 f6 13. Nc3 Be6 14. f3
Kc7 15. Kf2 Be7 16. b4 Na6 17. b5 Nc5 18. Ne4 Nxe4+ 19. Bxe4 Bxc4 20. bxc6
b5 21. Rhc1 a4 22. Rc2 h5 23. Rd2 Rhd8 24. Bc3 Rxd2+ 25. Bxd2 Kb6 26. h4 Rd8
27. Bc3 Bc5 28. g4 hxg4 29. fxg4 Kc7 30. Kf3 Bd5 31. Ba5+ Bb6 32. Bxb6+ Kxc6
33. Bxd5+ Rxd5 34. Ba5 Rd3 35. Rc1+ Kd5 36. Bb4 e4+ 37. Kf4 Rb3 38. Rc2 Rb1
39. Rd2+ Kc4 40. Kxe4 Rg1 41. Kf5 Rf1+ 42. Kg6 Rg1 43. g5 fxg5 44. hxg5 Rg3
45. e4 Rg4 46. Rd7 Rxe4 47. Rxg7 Kb3 48. Rc7 Rg4 49. Kf5 Rg1 50. g6 Rf1+ 51.
Ke6 Rg1 52. Kf7 Rf1+ 53. Kg8 Rc1 54. g7 Rxc7 55. Kf8 Rc8+ 56. Kf7 Rc7+ 57.
Be7 Rc8 58. g8=Q Rxg8 59. Kxg8 Kc4 60. Bb4 Kd5 61. Kf7 Kc6 62. Ke6 Kb6 63.
Kd6 Kb7 64. Kc5 Ka6 65. Kc6 Ka7 66. Kxb5 Kb7 67. Kxa4 Ka7 68. Kb5 Kb7 69. a4
Ka7 70. a5 Kb7 71. Bc5 Ka8 72. Bb6 Kb8 73. Ka6 Ka8 74. Bc5 Kb8 75. Bb4 Ka8
{White ran out of time and Black has no material to mate}
1/2-1/2

[Event "ICCopen2016"]
[Site "Internet Chess Club"]
[Date "2016.06.04"]
[Round "2"]
[White "afgano45"]
[Black "Kakarotto"]
[Result "0-1"]
[ICCResult "White resigns"]
[WhiteElo "1971"]
[BlackElo "2649"]
[Opening "French: Tarrasch, Guimard main line"]
[ECO "C04"]
[NIC "FR.15"]
[Time "14:13:38"]
[TimeControl "180+0"]

1. e4 e6 2. d4 d5 3. Nd2 Nc6 4. Ngf3 Nf6 5. e5 Nd7 6. Bb5 a6 7. Bxc6 bxc6 8.
O-O c5 9. c4 Bb7 10. cxd5 Bxd5 11. dxc5 Bxc5 12. b3 O-O 13. Bb2 a5 14. Rc1
Bb6 15. Nc4 Qb8 16. Qe2 Qb7 17. Nxb6 cxb6 18. Rfd1 Nc5 19. Ba3 Rfc8 20. Bxc5
bxc5 21. Rc3 a4 22. Rdc1 axb3 23. axb3 h6 24. h3 Ra3 25. Rxc5 Rxc5 26. Rxc5
Rxb3 27. Qc2 Rb1+ 28. Kh2 Be4 29. Qc3 Rb3 30. Rc8+ Kh7 31. Qc7 Bxf3 32. Qd8
Bxg2 33. Qh8+ Kg6 {White resigns} 0-1

[Event "ICCopen2016"]
[Site "Internet Chess Club"]
[Date "2016.06.04"]
[Round "2"]
[White "kabindra"]
[Black "kvicc"]
[Result "0-1"]
[ICCResult "White resigns"]
[WhiteElo "1635"]
[BlackElo "2165"]
[Opening "Sicilian: Smith-Morra gambit"]
[ECO "B21"]
[NIC "SI.48"]
[Time "14:13:06"]
[TimeControl "180+0"]

1. e4 c5 2. d4 cxd4 3. c3 dxc3 4. Nxc3 Nc6 5. Nf3 d6 6. Bc4 e6 7. Bf4 a6 8.
O-O Nf6 9. Qe2 Qc7 10. Rfd1 Qb8 11. e5 Nh5 12. Bg5 h6 13. Bh4 g5 14. Bg3
Nxg3 15. hxg3 dxe5 16. Ne4 Be7 17. Rac1 f5 18. Nc3 O-O 19. Re1 e4 20. Nd2
Ne5 21. Bb3 Nd3 22. Qh5 Kg7 23. Rcd1 Bc5 24. Rf1 Qxg3 25. Ndxe4 fxe4 26.
Nxe4 Bxf2+ 27. Nxf2 Nxf2 28. Rde1 e5 29. Re2 Bg4 30. Rexf2 Bxh5 31. Rd2 Qe3+
32. Rdf2 Rxf2 33. Rxf2 Rf8 {White resigns} 0-1

[Event "ICCopen2016"]
[Site "Internet Chess Club"]
[Date "2016.06.04"]
[Round "2"]
[White "DukeBishop"]
[Black "Astigmatist"]
[Result "0-1"]
[ICCResult "White forfeits on time"]
[WhiteElo "1598"]
[BlackElo "1953"]
[Opening "Scandinavian defense"]
[ECO "B01"]
[NIC "SD.03"]
[Time "14:12:26"]
[TimeControl "180+0"]

1. e4 d5 2. exd5 Nf6 3. Nf3 Nxd5 4. d4 g6 5. Bc4 Bg7 6. O-O O-O 7. c3 Nb6 8.
Bb3 a5 9. a4 Nc6 10. Na3 e5 11. dxe5 Nxe5 12. Bf4 Nbd7 13. Re1 Nxf3+ 14.
Qxf3 Nc5 15. Rad1 Qf6 16. Bc2 Ne6 17. Bg3 Qxf3 18. gxf3 b6 19. Nb5 Bb7 20.
Nxc7 Bxf3 21. Nxe6 fxe6 22. Rd6 Bg4 23. Rxb6 Rad8 24. Kg2 Kh8 25. h3 Bf3+
26. Kh2 Bd5 27. Ra6 h5 28. Rxa5 h4 29. Bxh4 Rf4 30. Bg3 Rf7 31. Rd1 Rdf8 32.
Rd2 Bc4 33. b3 Bxc3 34. bxc4 Bxd2 {White forfeits on time} 0-1

[Event "ICCopen2016"]
[Site "Internet Chess Club"]
[Date "2016.06.04"]
[Round "2"]
[White "crazybishop779"]
[Black "milinanana"]
[Result "0-1"]
[ICCResult "White forfeits on time"]
[WhiteElo "1402"]
[BlackElo "1823"]
[Opening "QGD Slav defense"]
[ECO "D10"]
[NIC "SL.01"]
[Time "14:11:58"]
[TimeControl "180+0"]

1. d4 d5 2. c4 c6 3. Nc3 Nf6 4. cxd5 cxd5 5. e3 Nc6 6. Bd3 Bg4 7. Qc2 Rc8 8.
Nge2 a6 9. O-O e6 10. e4 dxe4 11. Nxe4 Be7 12. Be3 Nd5 13. Qa4 O-O 14. Bd2
Bf6 15. Bc3 Nxc3 16. bxc3 Be7 17. Rab1 Na5 18. Qc2 b5 19. Nf4 Bf5 20. Ng3
Bxd3 21. Qxd3 Nc4 22. Nfe2 Qc7 23. Ne4 Rfd8 24. Nc5 Bxc5 25. Qh3 Bd6 26.
Rbc1 e5 27. Ng3 exd4 28. cxd4 Bxg3 29. fxg3 Qd7 30. Rfd1 Qxh3 31. gxh3 Rd7
32. g4 Rcd8 33. h4 g6 34. g5 Rxd4 35. Rxd4 Rxd4 36. Rf1 Kg7 37. Rf6 Rg4+
{White forfeits on time}
0-1

[Event "ICCopen2016"]
[Site "Internet Chess Club"]
[Date "2016.06.04"]
[Round "2"]
[White "Werewolf"]
[Black "B-Amin"]
[Result "0-1"]
[ICCResult "White checkmated"]
[WhiteElo "2217"]
[BlackElo "2932"]
[Opening "two knights defense: Fritz, Gruber variation"]
[ECO "C57"]
[NIC "KP.01"]
[Time "14:12:39"]
[TimeControl "180+0"]

1. e4 e5 2. Nf3 Nc6 3. Bc4 Nf6 4. Ng5 d5 5. exd5 b5 6. Bf1 Nd4 7. c3 Nxd5 8.
Ne4 Qh4 9. Ng3 Bg4 10. f3 Nf5 11. Bxb5+ Kd8 12. O-O Bc5+ 13. d4 exd4 14.
Nxf5 Bxf5 15. cxd4 Bd6 16. f4 Nf6 17. Nc3 Rb8 18. Bc6 Rb6 19. Bf3 Re8 20. g3
Qh3 21. Bg2 Qh6 22. Na4 Rb4 23. Nc5 Ng4 24. h3 Ne3 25. Bxe3 Rxe3 26. Qd2
Rxg3 27. Qxb4 Rxg2+ 28. Kxg2 Qxh3+ 29. Kf2 Bxf4 30. Qc3 Qh2+ 31. Ke1 Bg4 32.
Nb7+ Kc8 33. Qd3 Bg3+ 34. Qxg3 Qe2# {White checkmated} 0-1

[Event "ICCopen2016"]
[Site "Internet Chess Club"]
[Date "2016.06.04"]
[Round "2"]
[White "Fighterman"]
[Black "welshnajdorf"]
[Result "1-0"]
[ICCResult "Black resigns"]
[WhiteElo "2525"]
[BlackElo "1851"]
[Opening "Sicilian: Najdorf, Byrne (English) attack"]
[ECO "B90"]
[NIC "SI.14"]
[Time "14:13:01"]
[TimeControl "180+0"]

1. e4 c5 2. Nf3 d6 3. d4 cxd4 4. Nxd4 Nf6 5. Nc3 a6 6. Be3 e5 7. Nb3 Be6 8.
h3 Be7 9. Qf3 b5 10. O-O-O Nbd7 11. g4 h6 12. Kb1 Nb6 13. Nd5 Bxd5 14. exd5
Nc4 15. Bc1 a5 16. Nd2 Qc7 17. Nxc4 bxc4 18. Qc3 Ne4 19. Qe1 Nf6 20. f4 O-O
21. g5 hxg5 22. fxg5 Nh7 23. h4 c3 24. Qe4 f5 25. gxf6 Nxf6 26. Qg6 cxb2 27.
Bh6 Bd8 28. Rg1 Rf7 29. Bh3 Rc8 30. Bxc8 Qxc8 31. Bxg7 {Black resigns} 1-0

[Event "ICCopen2016"]
[Site "Internet Chess Club"]
[Date "2016.06.04"]
[Round "2"]
[White "Catknight"]
[Black "pawelwaw"]
[Result "1-0"]
[ICCResult "Black resigns"]
[WhiteElo "1863"]
[BlackElo "1530"]
[Opening "QGD semi-Slav: 5.e3"]
[ECO "D45"]
[NIC "SL.08"]
[Time "14:12:34"]
[TimeControl "180+0"]

1. d4 d5 2. c4 e6 3. Nc3 Nf6 4. Nf3 c6 5. e3 dxc4 6. Bxc4 b5 7. Bd3 Nbd7 8.
O-O Bd6 9. Bc2 O-O 10. Qd3 Bb7 11. a4 a6 12. axb5 cxb5 13. e4 b4 14. e5 bxc3
15. exf6 Nxf6 16. bxc3 Qc7 17. h3 Be4 18. Qe2 Bxc2 19. Qxc2 Rfc8 20. Bd2 Nd5
21. Rfc1 h6 22. c4 Nf4 23. c5 Be7 24. Qe4 Ng6 25. Rcb1 Bf6 26. Rb7 Qd8 27.
Ba5 Qe8 28. Ne5 Bxe5 29. dxe5 Rab8 30. Rab1 Rxb7 31. Rxb7 Rxc5 32. Bc7 Rc1+
33. Kh2 Qc6 34. Qxc6 Rxc6 35. Bd6 Kh7 36. Rxf7 Nh4 37. Bf8 Kg8 38. Rxg7+
Kxf8 39. Rg4 Nf5 40. Rf4 a5 41. g4 Rb6 42. gxf5 Rb4 43. Rf3 exf5 44. Rxf5+
Ke7 45. Rf6 Re4 46. Rxh6 Rxe5 47. Ra6 Kf7 48. Kg3 Rb5 49. f4 Rb3+ 50. Kg4
Rb5 51. f5 Rb4+ 52. Kg5 a4 53. h4 Kf8 54. Kf6 a3 55. Ra8+ {Black resigns}
1-0

[Event "ICCopen2016"]
[Site "Internet Chess Club"]
[Date "2016.06.04"]
[Round "2"]
[White "ChessGeek"]
[Black "king235"]
[Result "1-0"]
[ICCResult "Black checkmated"]
[WhiteElo "1700"]
[BlackElo "1054"]
[Opening "Giuoco Pianissimo"]
[ECO "C55"]
[NIC "IG.01"]
[Time "14:14:40"]
[TimeControl "180+0"]

1. e4 e5 2. Nf3 Nc6 3. Bc4 Nf6 4. d3 Bc5 5. O-O d6 6. c3 Bd7 7. Nbd2 O-O 8.
Re1 Qe7 9. Nf1 Ng4 10. Re2 a6 11. h3 Nf6 12. Bg5 b5 13. Bb3 h6 14. Bh4 a5
15. Ne3 Bxe3 16. Rxe3 a4 17. Bc2 d5 18. exd5 Nxd5 19. Bxe7 Nxe3 20. fxe3
Nxe7 21. Nxe5 Rfe8 22. Nxd7 Nf5 23. e4 Ne3 24. Qd2 Nxc2 25. Qxc2 Rad8 26.
Nc5 Re6 27. Nxe6 fxe6 28. Rf1 Re8 29. Qf2 a3 30. Qf7+ Kh7 31. Qxe8 axb2 32.
Qxb5 e5 33. Qxb2 c6 34. Qb6 c5 35. Qc7 c4 36. Rf7 Kg6 37. Rxg7+ Kh5 38. Qf7+
Kh4 39. Rg4# {Black checkmated} 1-0

[Event "ICCopen2016"]
[Site "Internet Chess Club"]
[Date "2016.06.04"]
[Round "2"]
[White "Eros"]
[Black "BlueGoose"]
[Result "1-0"]
[ICCResult "Black resigns"]
[WhiteElo "2752"]
[BlackElo "1676"]
[Opening "French: MacCutcheon, Dr. Olland (Dutch) variation"]
[ECO "C12"]
[NIC "FR.05"]
[Time "14:13:17"]
[TimeControl "180+0"]

1. e4 e6 2. d4 d5 3. Nc3 Nf6 4. Bg5 Bb4 5. e5 h6 6. Bc1 Bxc3+ 7. bxc3 Ne4 8.
Ne2 c5 9. f3 Ng5 10. h4 Nh7 11. Be3 Nc6 12. Qd2 f6 13. exf6 Nxf6 14. dxc5 e5
15. Rd1 Be6 16. Ng3 Qd7 17. Bd3 O-O-O 18. O-O Qc7 19. Bf2 e4 20. Be2 d4 21.
cxd4 Nxd4 22. Bxd4 Qxg3 23. c6 Bh3 24. cxb7+ Kb8 25. Rf2 Nd5 26. Qa5 Nb6 27.
Be5+ Kxb7 28. Bxg3 {Black resigns} 1-0

[Event "ICCopen2016"]
[Site "Internet Chess Club"]
[Date "2016.06.04"]
[Round "2"]
[White "x22"]
[Black "Federicov"]
[Result "1-0"]
[ICCResult "Black checkmated"]
[WhiteElo "2413"]
[BlackElo "3170"]
[Opening "Caro-Kann: Panov-Botvinnik attack, 5...e6"]
[ECO "B14"]
[NIC "CK.03"]
[Time "14:13:05"]
[TimeControl "180+0"]

1. e4 c6 2. d4 d5 3. exd5 cxd5 4. c4 Nf6 5. Nc3 e6 6. Bg5 Be7 7. Nf3 O-O 8.
Rc1 Nc6 9. a3 h6 10. Bf4 Bd6 11. Ne5 dxc4 12. Bxc4 Bxe5 13. dxe5 Nd7 14. Qe2
Qa5 15. Bb5 a6 16. Bxc6 bxc6 17. O-O Qb6 18. Ne4 a5 19. Rfd1 Rd8 20. Qg4 Kf8
21. Rd6 a4 22. h3 Ra5 23. Rdxc6 Qb8 24. Nd6 Ba6 25. Qh5 Nxe5 26. Bxe5 Qa7
27. Bxg7+ Kxg7 28. Qxa5 Ra8 29. R1c3 Qd4 30. Rxa6 Rb8 31. Rg3+ Kh7 32. Qh5
Qf6 33. Ra7 Rf8 34. Nxf7 e5 35. Nxe5+ Kh8 36. Ng6+ Kg8 37. Nxf8+ Kh8 38.
Rh7# {Black checkmated} 1-0

[Event "ICCopen2016"]
[Site "Internet Chess Club"]
[Date "2016.06.04"]
[Round "2"]
[White "SuperGMBobbyF"]
[Black "toktok"]
[Result "0-1"]
[ICCResult "White forfeits on time"]
[WhiteElo "1213"]
[BlackElo "1715"]
[Opening "Dutch"]
[ECO "A80"]
[NIC "HD.12"]
[Time "14:12:11"]
[TimeControl "180+0"]

1. d4 f5 2. e3 Nf6 3. Bd3 e6 4. Nf3 d5 5. c3 Bd6 6. Bd2 O-O 7. h4 Ne4 8.
Bxe4 fxe4 9. Ne5 Bxe5 10. dxe5 b6 11. Na3 Ba6 12. Qb3 c5 13. c4 Qc7 14. f4
exf3 15. gxf3 Qxe5 16. O-O-O Rxf3 17. Rhg1 Nc6 18. Kb1 Raf8 19. Bc3 Qe4+ 20.
Ka1 d4 21. exd4 cxd4 22. Bb4 Nxb4 23. Qxb4 Rf2 24. Rde1 Qf5 25. Qd6 Qf3 26.
Qxe6+ Qf7 27. Qg4 g6 28. h5 Bc8 29. Qxd4 Bf5 30. hxg6 Bxg6 31. Nb5 Rf4 32.
Qc3 Rf3 33. Qb4 Rf2 34. Nd6 Qg7 35. c5 bxc5 36. Qc4+ Kh8 37. Qb3 h6 38. Nb5
Kh7 39. Nc3 R2f3 40. Qc4 R8f4 41. Qxc5 Rf5 42. Qe7 Rf7 {White forfeits on
time} 0-1

[Event "ICCopen2016"]
[Site "Internet Chess Club"]
[Date "2016.06.04"]
[Round "2"]
[White "Yedixon"]
[Black "PITCHUS"]
[Result "0-1"]
[ICCResult "White forfeits on time"]
[WhiteElo "1248"]
[BlackElo "1845"]
[Opening "Caro-Kann: Rasa-Studier gambit"]
[ECO "B15"]
[NIC "CK.05"]
[Time "14:13:08"]
[TimeControl "180+0"]

1. e4 c6 2. d4 d5 3. Nc3 dxe4 4. f3 exf3 5. Nxf3 Nf6 6. Bc4 Bf5 7. O-O e6 8.
Bg5 Be7 9. Nh4 Bg6 10. Nxg6 hxg6 11. Qd3 Qa5 12. Bxf6 Bxf6 13. Rae1 Qh5 14.
h3 Nd7 15. d5 Ne5 16. Rxe5 Qxe5 17. dxe6 fxe6 18. Qxg6+ Ke7 19. Kh1 Raf8 20.
Ne4 Rh6 21. Qg4 Rh4 {White forfeits on time} 0-1

[Event "ICCopen2016"]
[Site "Internet Chess Club"]
[Date "2016.06.04"]
[Round "2"]
[White "relentlessone90"]
[Black "Commando"]
[Result "0-1"]
[ICCResult "White resigns"]
[WhiteElo "1987"]
[BlackElo "2677"]
[Opening "Ponziani opening"]
[ECO "C44"]
[NIC "KP.05"]
[Time "14:12:51"]
[TimeControl "180+0"]

1. e4 e5 2. Nf3 Nc6 3. c3 d5 4. d3 Nf6 5. Nbd2 dxe4 6. dxe4 Bc5 7. Be2 O-O
8. O-O a5 9. a4 h6 10. Qc2 Be6 11. Bc4 Bg4 12. h3 Bh5 13. Be2 Qe7 14. Nc4
Bg6 15. Bd3 Nh5 16. Re1 Rad8 17. Be3 Bxe3 18. Nxe3 Nf4 19. Nd5 Qc5 20. Nxf4
exf4 21. Rad1 Bh5 22. Be2 Bxf3 23. Bxf3 Ne5 24. Qe2 c6 25. Bg4 Qb6 26. Qc2
g6 27. b3 h5 28. Be2 Qc5 29. Bf1 f3 30. g3 h4 31. g4 Kg7 32. Qc1 f6 33. Rd4
Rxd4 34. cxd4 Qxd4 35. Qf4 Rf7 36. Rc1 Qb2 37. Bc4 g5 38. Qe3 Rd7 39. Rf1
Nxc4 40. bxc4 Qe2 41. Qxe2 fxe2 42. Re1 Rd1 {White resigns} 0-1

[Event "ICCopen2016"]
[Site "Internet Chess Club"]
[Date "2016.06.04"]
[Round "2"]
[White "waynehatcher"]
[Black "pagoda"]
[Result "0-1"]
[ICCResult "White checkmated"]
[WhiteElo "1557"]
[BlackElo "1883"]
[Opening "Réti: King's Indian attack (Barcza system)"]
[ECO "A07"]
[NIC "QP.09"]
[Time "14:12:47"]
[TimeControl "180+0"]

1. Nf3 d5 2. g3 Nc6 3. Bg2 e5 4. d3 f5 5. O-O Nf6 6. b3 e4 7. dxe4 fxe4 8.
Nd4 Ne5 9. Bb2 Bd6 10. Nc3 c6 11. a3 O-O 12. b4 a6 13. Nb3 Bg4 14. Bc1 Qe8
15. Be3 Qh5 16. Qd2 Bh3 17. Rae1 Nfg4 18. f4 Bxg2 19. h4 Nxe3 20. Qxe3 Ng4
21. Qd4 Bxf1 22. Rxf1 Be7 23. Kg2 Qg6 24. Rh1 Bf6 25. Qd2 Bxc3 26. Qxc3 Rf7
27. e3 b6 28. Nd4 Rc8 29. Ne2 h5 30. Qd2 Nh6 31. c3 Nf5 32. Rh3 Qg4 33. Ng1
Rd7 34. c4 Rcd8 35. c5 bxc5 36. bxc5 Rb7 37. Kf2 Rdb8 38. Rh2 Rb2 39. Kf1
Rxd2 40. Rxd2 Rb1+ 41. Kf2 Qxg3+ 42. Ke2 Qxe3# {White checkmated} 0-1

[Event "ICCopen2016"]
[Site "Internet Chess Club"]
[Date "2016.06.04"]
[Round "2"]
[White "MasterDanielX"]
[Black "PazificDreams"]
[Result "0-1"]
[ICCResult "White forfeits on time"]
[WhiteElo "2036"]
[BlackElo "2693"]
[Opening "King's knight's gambit"]
[ECO "C38"]
[NIC "KG.01"]
[Time "14:12:55"]
[TimeControl "180+0"]

1. e4 e5 2. f4 exf4 3. Nf3 g5 4. Bc4 Bg7 5. d4 d6 6. c3 h6 7. O-O Nc6 8.
Nbd2 Nf6 9. Re1 O-O 10. Qc2 Bd7 11. e5 dxe5 12. dxe5 Ng4 13. e6 Bxe6 14.
Rxe6 Ne3 15. Rxe3 fxe3 16. Ne4 Qe7 17. Bxe3 Rfe8 18. Nfd2 Ne5 19. Bb3 b6 20.
Rf1 Rad8 21. Bd4 Rf8 22. Nf3 Nxf3+ 23. Rxf3 Bxd4+ {White forfeits on time}
0-1

[Event "ICCopen2016"]
[Site "Internet Chess Club"]
[Date "2016.06.04"]
[Round "2"]
[White "amirrezap"]
[Black "awesome5123"]
[Result "1-0"]
[ICCResult "Black checkmated"]
[WhiteElo "2388"]
[BlackElo "1644"]
[Opening "Queen's pawn game"]
[ECO "A46"]
[NIC "QP.06"]
[Time "14:12:19"]
[TimeControl "180+0"]

1. d4 Nf6 2. Nf3 c5 3. e3 e6 4. Bd3 cxd4 5. exd4 d5 6. c3 Nc6 7. Bg5 Bd6 8.
Nbd2 h6 9. Bh4 O-O 10. Qe2 a6 11. Ne5 g5 12. Bg3 Qc7 13. f4 Bxe5 14. dxe5
gxf4 15. exf6 Kh8 16. Qh5 Qe5+ 17. Qxe5 Nxe5 18. Bc2 fxg3 19. hxg3 Kg8 20.
Ke2 Ng4 21. Raf1 e5 22. Nf3 e4 23. Nd4 Re8 24. Rf4 Kh7 25. Rh4 Kg6 26.
Rfxg4+ Bxg4+ 27. Rxg4+ Kxf6 28. Rf4+ Kg6 29. Bb3 Rad8 30. Nf5 Re5 31. Ne3 f5
32. g4 Kg5 33. Rxf5+ Rxf5 34. gxf5 Kf4 35. f6 Rf8 36. Nxd5+ Ke5 37. Ke3 h5
38. c4 h4 39. Bc2 Rg8 40. Bxe4 Rg3+ 41. Bf3 h3 42. gxh3 Rxh3 43. b4 Rh8 44.
a4 Rc8 45. f7 Rf8 46. Bh5 Kd6 47. Nf4 Ke7 48. Ng6+ Kxf7 49. Nxf8+ Kxf8 50.
Bf3 Ke7 51. Bxb7 Kd6 52. Bxa6 Kc6 53. Kd4 Kb6 54. Bb5 Kc7 55. c5 Kb8 56. a5
Ka7 57. Bc4 Kb8 58. b5 Ka7 59. a6 Kb8 60. b6 Ka8 61. c6 Kb8 62. Kc5 Ka8 63.
Bd5 Kb8 64. a7+ Ka8 65. c7# {Black checkmated} 1-0

[Event "ICCopen2016"]
[Site "Internet Chess Club"]
[Date "2016.06.04"]
[Round "2"]
[White "Chaos23"]
[Black "atilycsy"]
[Result "1-0"]
[ICCResult "Black checkmated"]
[WhiteElo "1931"]
[BlackElo "1589"]
[Opening "Petrov: Nimzovich attack"]
[ECO "C42"]
[NIC "RG.03"]
[Time "14:12:17"]
[TimeControl "180+0"]

1. e4 e5 2. Nf3 Nf6 3. Nxe5 d6 4. Nf3 Nxe4 5. Nc3 Nxc3 6. dxc3 Be7 7. Bf4
Nc6 8. Qd2 Be6 9. O-O-O Qd7 10. Kb1 a6 11. Bd3 O-O-O 12. Ng5 Bxg5 13. Bxg5
f6 14. Bh4 Kb8 15. c4 Ne5 16. Qc3 Qc6 17. b3 g5 18. Bg3 Qxg2 19. Rhe1 Qc6
20. Be4 d5 21. Bg2 Bf7 22. Bxe5 fxe5 23. Qxe5 h6 24. cxd5 Qd6 25. Qe7 Rd7
26. Qxd6 Rxd6 27. Re7 Bg6 28. Rde1 Rhd8 29. Kb2 R8d7 30. Rxd7 Rxd7 31. c4
Ka7 32. Kc3 Kb6 33. Kd4 c6 34. Re6 Bb1 35. a3 Ba2 36. b4 Kc7 37. Ke5 cxd5
38. cxd5 Bb3 39. Rxh6 Re7+ 40. Re6 Rd7 41. Rf6 Re7+ 42. Re6 Rd7 43. d6+ Kc8
44. Re8+ Rd8 45. Bh3+ Kb8 46. Rxd8+ Ka7 47. Rc8 Kb6 48. d7 Ba4 49. d8=Q+ Kb5
50. Qd5+ Kb6 51. Qc5# {Black checkmated} 1-0

[Event "ICCopen2016"]
[Site "Internet Chess Club"]
[Date "2016.06.04"]
[Round "2"]
[White "hedgie"]
[Black "Visam"]
[Result "0-1"]
[ICCResult "White checkmated"]
[WhiteElo "2113"]
[BlackElo "2812"]
[Opening "Grünfeld: 5.Bf4"]
[ECO "D92"]
[NIC "GI.07"]
[Time "14:13:22"]
[TimeControl "180+0"]

1. d4 Nf6 2. c4 g6 3. Nc3 d5 4. Nf3 Bg7 5. Bf4 O-O 6. Rc1 dxc4 7. e4 Nh5 8.
Be3 Bg4 9. Bxc4 Bxf3 10. gxf3 e5 11. d5 Nf4 12. Qd2 Qh4 13. Kd1 Qh3 14. Be2
c6 15. Kc2 cxd5 16. Bxf4 exf4 17. Nxd5 Nc6 18. Kb1 Qg2 19. Rcf1 Nd4 20. Nxf4
Qg5 21. h4 Qe5 22. Nd3 Qe7 23. Bd1 Rfd8 24. Qe3 Rac8 25. f4 Qd7 26. h5 Nb5
27. Ne5 Qd2 28. hxg6 Rc1# {White checkmated} 0-1

[Event "ICCopen2016"]
[Site "Internet Chess Club"]
[Date "2016.06.04"]
[Round "2"]
[White "Biscuetz"]
[Black "SurferRosa"]
[Result "0-1"]
[ICCResult "White checkmated"]
[WhiteElo "1527"]
[BlackElo "2431"]
[Opening "Queen's bishop game"]
[ECO "A45"]
[NIC "QP.07"]
[Time "14:12:10"]
[TimeControl "180+0"]

1. d4 Nf6 2. Bf4 d5 3. Nf3 c5 4. e3 Nc6 5. c3 Qb6 6. Qb3 c4 7. Qxb6 axb6 8.
Nbd2 b5 9. Be2 b4 10. O-O Bf5 11. a3 bxc3 12. bxc3 e6 13. Nh4 Bc2 14. Rfc1
Ba4 15. Rcb1 Ra7 16. Rb2 Be7 17. Rab1 b5 18. Ra1 Kd7 19. h3 Rha8 20. Nb1 Bb3
21. Nd2 Rxa3 22. Rxa3 Bxa3 23. Rb1 Ba4 24. g4 b4 25. cxb4 Bxb4 26. Ndf3 Ne4
27. Ne5+ Nxe5 28. Bxe5 Bb3 29. Bd1 Nc3 30. Rxb3 cxb3 31. Bxb3 f6 32. Bg3
Ra1+ 33. Kg2 Ne4 34. Bc2 Nxg3 35. Kxg3 g6 36. Nf3 Ra2 37. Bb3 Rb2 38. Bd1
Kd6 39. h4 e5 40. dxe5+ fxe5 41. h5 gxh5 42. gxh5 Bc3 43. Ba4 e4 44. Nd4
Bxd4 45. exd4 Rb4 46. Bd1 Rxd4 47. Bg4 Ke5 48. f3 e3 49. f4+ Rxf4 50. Be2 d4
51. Bd3 h6 52. Bf5 Rxf5 53. Kg4 e2 54. Kg3 e1=Q+ 55. Kg4 Qe4+ 56. Kg3 d3 57.
Kh2 d2 58. Kh3 d1=Q 59. Kh2 Qh4+ 60. Kg2 Qf1# {White checkmated} 0-1

[Event "ICCopen2016"]
[Site "Internet Chess Club"]
[Date "2016.06.04"]
[Round "2"]
[White "chessasuke91"]
[Black "Alright2015"]
[Result "1-0"]
[ICCResult "Black checkmated"]
[WhiteElo "2735"]
[BlackElo "2100"]
[Opening "Scandinavian (center counter) defense"]
[ECO "B01"]
[NIC "SD.01"]
[Time "14:12:43"]
[TimeControl "180+0"]

1. e4 d5 2. exd5 Qxd5 3. Nc3 Qa5 4. Nf3 c6 5. g3 Nf6 6. Bg2 Bf5 7. O-O e6 8.
Rb1 Qc7 9. b4 Bd6 10. b5 a6 11. a4 O-O 12. h3 Rd8 13. Nh4 Bg6 14. Nxg6 hxg6
15. Qe2 a5 16. d3 Bb4 17. Ne4 Nxe4 18. Bxe4 Nd7 19. bxc6 bxc6 20. Bf4 Bd6
21. Bd2 Nf6 22. Bg2 Bc5 23. Rb3 Qxg3 24. Rc3 Ba7 25. Rxc6 Nh5 26. Ra6 Bxf2+
27. Rxf2 Rxa6 28. Rf3 Qd6 29. Qf2 Nf6 30. Bg5 e5 31. Re3 Re8 32. c4 Rb6 33.
Re1 Qd4 34. Be3 Qxd3 35. Bxb6 Qxc4 36. Bxa5 Qxa4 37. Bc3 Qb5 38. Qb2 Qc5+
39. Kh1 Nh5 40. Bxe5 f6 41. Bc3 Rc8 42. Bd2 Ng3+ 43. Kh2 Qd6 44. Qb3+ Kh7
45. Qxg3 Qxd2 46. Re4 g5 47. Qg4 Kg6 48. Re2 Qd6+ 49. Qg3 Qxg3+ 50. Kxg3
Rc3+ 51. Bf3 f5 52. Kg2 Kf6 53. Ra2 g4 54. Ra6+ Kg5 55. hxg4 fxg4 56. Be4
Kf4 57. Bg6 Rb3 58. Ra4+ Kg5 59. Bc2 Rb2 60. Rc4 Kh4 61. Rc5 g5 62. Rc7 Ra2
63. Rh7# {Black checkmated} 1-0

[Event "ICCopen2016"]
[Site "Internet Chess Club"]
[Date "2016.06.04"]
[Round "2"]
[White "blackending"]
[Black "burbur"]
[Result "0-1"]
[ICCResult "White forfeits on time"]
[WhiteElo "1698"]
[BlackElo "2517"]
[Opening "Caro-Kann defense"]
[ECO "B15"]
[NIC "CK.02"]
[Time "14:13:06"]
[TimeControl "180+0"]

1. e4 c6 2. d4 d5 3. Nd2 dxe4 4. Nxe4 Nf6 5. Ng3 g6 6. Nf3 Bg7 7. h3 O-O 8.
c4 c5 9. Be3 cxd4 10. Qxd4 Nc6 11. Qxd8 Rxd8 12. Be2 h5 13. Rd1 Rxd1+ 14.
Kxd1 Ne8 15. Kc2 Nd6 16. a3 Nf5 17. Nxf5 Bxf5+ 18. Kc1 a5 19. Rd1 a4 20. Bd3
Bxd3 21. Rxd3 Na5 22. Nd2 Rc8 23. Rd7 e6 24. Bb6 Nb3+ 25. Nxb3 Rxc4+ 26. Kb1
axb3 27. Rd2 Be5 28. Be3 f5 {White forfeits on time} 0-1

[Event "ICCopen2016"]
[Site "Internet Chess Club"]
[Date "2016.06.04"]
[Round "2"]
[White "DrOussedik"]
[Black "aplusk"]
[Result "0-1"]
[ICCResult "White forfeits on time"]
[WhiteElo "2144"]
[BlackElo "2833"]
[Opening "QGD semi-Slav: Stoltz variation"]
[ECO "D45"]
[NIC "SL.08"]
[Time "14:12:18"]
[TimeControl "180+0"]

1. d4 d5 2. c4 e6 3. Nf3 Nf6 4. e3 c6 5. Nc3 Nbd7 6. Qc2 g6 7. Be2 Bg7 8.
O-O O-O 9. h3 b6 10. b3 Bb7 11. Bb2 Rc8 12. Bd3 a6 13. Qe2 dxc4 14. Bxc4 b5
15. Bd3 c5 16. Rfd1 Bxf3 17. Qxf3 cxd4 18. exd4 Nb6 19. Ne4 Nbd5 20. Rac1
Nxe4 21. Bxe4 Qd7 22. Ba3 Rfd8 23. Bc5 Bf8 24. h4 Bh6 25. Rb1 Kg7 26. b4 Re8
27. h5 f5 28. Bc2 Bg5 29. hxg6 hxg6 30. Bb3 Rh8 31. Re1 Bf6 32. Rbd1 Rce8
33. g3 Rd8 34. a4 bxa4 35. Bc4 Nc7 36. Bb6 Rb8 37. Bxc7 Qxc7 38. Bxe6 Rxb4
39. d5 Qc3 40. Re3 Qc2 41. Red3 Rb3 42. Kg2 Rxd3 43. Rxd3 Qb1 44. Rd1 Qb3
45. Rd3 Qc4 46. Qe3 Qe4+ 47. Qxe4 fxe4 48. Ra3 a5 49. Rxa4 Bd8 50. Rc4 Kf6
51. Rc6 Ke5 52. Ra6 Rf8 53. Bg4 Bc7 54. Rxg6 Kxd5 55. Ra6 Kc5 56. Be6 Kb5
57. Ra7 Rxf2+ 58. Kxf2 Bb6+ 59. Ke2 Bxa7 60. Kd2 Kc5 61. g4 Kd4 62. Ba2 Ke5
63. Ke2 Kf4 64. Be6 a4 65. Ke1 a3 66. Ke2 Bd4 67. Ke1 e3 68. Ke2 Bc3
{White forfeits on time}
0-1